TOP OF THE 1ST |
Riverside Red Bulls batting - Pitching for San Diego Smashers : RHP Rafael Blanco
|
Pitching: RHP Rafael Blanco
|
|
Batting: RHB Joe Scott
|
0-0: Ball 1-0: Called Strike 1-1: Ball 2-1: Fly out, F7 (Flyball, 7S)
|
Batting: RHB José Zúñiga
|
0-0: Fly out, F8 (Flyball, 8RM)
|
Batting: LHB Jorge Meléndez
|
0-0: Ball 1-0: SINGLE (Line Drive, 4MD)
|
Batting: SHB Sloan James
|
0-0: Ball 1-0: Called Strike 1-1: Fly out, F9 (Line Drive, 9LD)
|
Top of the 1st over - 0 run(s), 1 hit(s), 0 error(s), 1 left on base; Riverside 0 - San Diego 0 |
BOTTOM OF THE 1ST |
San Diego Smashers batting - Pitching for Riverside Red Bulls : RHP Nariaki Tanaka
|
Pitching: RHP Nariaki Tanaka
|
|
Batting: RHB Luis Peña
|
0-0: Ball 1-0: Foul Ball, location: 2F 1-1: Swinging Strike 1-2: Ball 2-2: Ball 3-2: Strikes out swinging
|
Batting: RHB Cisco Gatán
|
0-0: DOUBLE (Line Drive, 8RM)
|
Batting: LHB António Glaviz
|
0-0: Called Strike 0-1: Ball 1-1: Called Strike 1-2: Ball 2-2: SINGLE (Line Drive, 78S) Cisco Gatán to third
|
Batting: LHB Jeffrey Bascombe
|
0-0: Ball 1-0: Called Strike António Glaviz steals 2nd base 1-1: Ball 2-1: Swinging Strike 2-2: Fly out, F8 (Flyball, 8LM) Runner from 3rd tags up, SCORES, throw made
|
Batting: LHB Pedro Cruz
|
0-0: Ball 1-0: Fly out, F5 (Popup, 56)
|
Bottom of the 1st over - 1 run(s), 2 hit(s), 0 error(s), 1 left on base; Riverside 0 - San Diego 1 |
TOP OF THE 2ND |
Riverside Red Bulls batting - Pitching for San Diego Smashers : RHP Rafael Blanco
|
Batting: RHB Chris Osborn
|
0-0: Ball 1-0: Called Strike 1-1: Ground out 5-3 (Groundball, 56)
|
Batting: RHB Júlio García
|
0-0: Ball 1-0: Foul Ball, location: 2F 1-1: Foul Ball, location: 2F 1-2: Foul Ball, location: 2F 1-2: Foul Ball, location: 2F 1-2: Strikes out swinging
|
Batting: RHB Kyle Bacon
|
0-0: Foul Ball, location: 2F 0-1: Swinging Strike 0-2: Foul Ball, location: 2F 0-2: Ball 1-2: Strikes out swinging
|
Top of the 2nd over - 0 run(s), 0 hit(s), 0 error(s), 0 left on base; Riverside 0 - San Diego 1 |
BOTTOM OF THE 2ND |
San Diego Smashers batting - Pitching for Riverside Red Bulls : RHP Nariaki Tanaka
|
Batting: LHB Raúl Guerra
|
0-0: Fly out, F9 (Flyball, 9D)
|
Batting: RHB Francisco Castillo
|
0-0: Ball 1-0: Foul Ball, location: 2F 1-1: Swinging Strike 1-2: Foul Ball, location: 2F 1-2: Strikes out swinging
|
Batting: RHB Miguel Moreno
|
0-0: Foul Ball, location: 2F 0-1: Ball 1-1: Ground out 6-3 (Groundball, 6)
|
Bottom of the 2nd over - 0 run(s), 0 hit(s), 0 error(s), 0 left on base; Riverside 0 - San Diego 1 |
TOP OF THE 3RD |
Riverside Red Bulls batting - Pitching for San Diego Smashers : RHP Rafael Blanco
|
Batting: RHB Soshu Nakamura
|
0-0: Called Strike 0-1: Ball 1-1: Ground out 6-3 (Groundball, 6M)
|
Batting: SHB Chun-yeong Kim
|
0-0: Called Strike 0-1: Ball 1-1: SINGLE (Line Drive, 34)
|
Batting: RHB Joe Scott
|
0-0: Ball 1-0: Foul Ball, location: 2F 1-1: Ball Pickoff Throw to First - Out! 2-1: Ground out 5-3 (Groundball, 5)
|
Top of the 3rd over - 0 run(s), 1 hit(s), 0 error(s), 0 left on base; Riverside 0 - San Diego 1 |
BOTTOM OF THE 3RD |
San Diego Smashers batting - Pitching for Riverside Red Bulls : RHP Nariaki Tanaka
|
Batting: RHB Justin Burgess
|
0-0: Called Strike 0-1: Ball 1-1: SINGLE (Line Drive, 6D)
|
Batting: RHB Luis Peña
|
0-0: Ball Wild Pitch! Justin Burgess to second 1-0: Ball 2-0: Called Strike 2-1: Swinging Strike 2-2: Foul Ball, location: 2F 2-2: Ball 3-2: Foul Ball, location: 2F 3-2: Foul Ball, location: 2F 3-2: Strikes out swinging
|
Batting: RHB Cisco Gatán
|
0-0: Ball 1-0: Foul Ball, location: 2F 1-1: Ball 2-1: SINGLE (Flyball, 8LM) Justin Burgess to third
|
Batting: LHB António Glaviz
|
0-0: Called Strike 0-1: Ball 1-1: Ball 2-1: Ball 3-1: Base on Balls Cisco Gatán to second
|
Batting: LHB Jeffrey Bascombe
|
0-0: Called Strike 0-1: Ball 1-1: Grounds into double play, 4-6-3 (Groundball, 4)
|
Bottom of the 3rd over - 0 run(s), 2 hit(s), 0 error(s), 2 left on base; Riverside 0 - San Diego 1 |
TOP OF THE 4TH |
Riverside Red Bulls batting - Pitching for San Diego Smashers : RHP Rafael Blanco
|
Batting: RHB José Zúñiga
|
0-0: SINGLE (Groundball, 4MD)
|
Batting: LHB Jorge Meléndez
|
0-0: Ball 1-0: Ground out 3-1 (Groundball, 34S) José Zúñiga to second
|
Batting: SHB Sloan James
|
0-0: Called Strike 0-1: Ball 1-1: Ground out 6-3 (Groundball, 6)
|
Batting: RHB Chris Osborn
|
0-0: Ball 1-0: Called Strike 1-1: Foul Ball, location: 2F 1-2: Foul Ball, location: 2F 1-2: Foul Ball, location: 2F 1-2: Ball 2-2: SINGLE (Flyball, 7S) José Zúñiga to third Runner from 3rd tries for Home, SAFE, no throw or cutoff
|
Batting: RHB Júlio García
|
0-0: Ball 1-0: Ground out 6-3 (Groundball, 6S)
|
Top of the 4th over - 1 run(s), 2 hit(s), 0 error(s), 1 left on base; Riverside 1 - San Diego 1 |
BOTTOM OF THE 4TH |
San Diego Smashers batting - Pitching for Riverside Red Bulls : RHP Nariaki Tanaka
|
Batting: LHB Pedro Cruz
|
0-0: Called Strike 0-1: Ball 1-1: Ball 2-1: Called Strike 2-2: Strikes out swinging
|
Batting: LHB Raúl Guerra
|
0-0: Ball 1-0: Ball 2-0: Ball 3-0: Called Strike 3-1: Base on Balls
|
Batting: RHB Francisco Castillo
|
0-0: Ball 1-0: Ball 2-0: DOUBLE (Line Drive, 3) Raúl Guerra to third
|
Batting: RHB Miguel Moreno
|
0-0: Ball 1-0: Called Strike 1-1: Ground out U3 (Groundball, 3S)
|
Batting: RHB Justin Burgess
|
0-0: Called Strike 0-1: Called Strike 0-2: Strikes out swinging
|
Bottom of the 4th over - 0 run(s), 1 hit(s), 0 error(s), 2 left on base; Riverside 1 - San Diego 1 |
TOP OF THE 5TH |
Riverside Red Bulls batting - Pitching for San Diego Smashers : RHP Rafael Blanco
|
Batting: RHB Kyle Bacon
|
0-0: Called Strike 0-1: Called Strike 0-2: Ball 1-2: Ball 2-2: Foul Ball, location: 2F 2-2: Foul Ball, location: 2F 2-2: Ball 3-2: Strikes out swinging
|
Batting: RHB Soshu Nakamura
|
0-0: Foul Ball, location: 2F 0-1: Foul Ball, location: 2F 0-2: Strikes out looking
|
Batting: SHB Chun-yeong Kim
|
0-0: Ball 1-0: Foul Ball, location: 2F 1-1: Ball 2-1: SINGLE (Groundball, 5D)
|
Batting: RHB Joe Scott
|
0-0: Ball 1-0: Ground out 4-3 (Groundball, 4)
|
Top of the 5th over - 0 run(s), 1 hit(s), 0 error(s), 1 left on base; Riverside 1 - San Diego 1 |
BOTTOM OF THE 5TH |
San Diego Smashers batting - Pitching for Riverside Red Bulls : RHP Nariaki Tanaka
|
Batting: RHB Luis Peña
|
0-0: Ball 1-0: Ground out 5-3 (Groundball, 56)
|
Batting: RHB Cisco Gatán
|
0-0: Swinging Strike 0-1: Ball 1-1: Ball 2-1: Called Strike 2-2: Fly out, F9 (Flyball, 9M)
|
Batting: LHB António Glaviz
|
0-0: Ball 1-0: Swinging Strike 1-1: Ball 2-1: Foul Ball, location: 2F 2-2: Foul Ball, location: 2F 2-2: Foul Ball, location: 2F 2-2: SOLO HOME RUN (Flyball, 9LD), Distance : 361 ft
|
Batting: LHB Jeffrey Bascombe
|
0-0: Called Strike 0-1: Foul Ball, location: 2F 0-2: Strikes out swinging
|
Bottom of the 5th over - 1 run(s), 1 hit(s), 0 error(s), 0 left on base; Riverside 1 - San Diego 2 |
TOP OF THE 6TH |
Riverside Red Bulls batting - Pitching for San Diego Smashers : RHP Rafael Blanco
|
Batting: RHB José Zúñiga
|
0-0: Ball 1-0: Hit by Pitch
|
Batting: LHB Jorge Meléndez
|
0-0: Ball 1-0: Ball 2-0: Fly out, F8 (Flyball, 8RM)
|
Batting: SHB Sloan James
|
0-0: Ball 1-0: Ball 2-0: Fly out, F8 (Flyball, 8RXD)
|
Batting: RHB Chris Osborn
|
0-0: Called Strike 0-1: Foul Ball, location: 2F 0-2: Ball 1-2: Strikes out swinging
|
Top of the 6th over - 0 run(s), 0 hit(s), 0 error(s), 1 left on base; Riverside 1 - San Diego 2 |
BOTTOM OF THE 6TH |
San Diego Smashers batting - Pitching for Riverside Red Bulls : RHP Nariaki Tanaka
|
Pitching: RHP Roberto Costello
|
|
Batting: LHB Pedro Cruz
|
0-0: Swinging Strike 0-1: Ball 1-1: Swinging Strike 1-2: Foul Ball, location: 2F 1-2: Ball 2-2: Ball 3-2: Foul Ball, location: 2F 3-2: Foul Ball, location: 2F 3-2: Base on Balls
|
Batting: LHB Raúl Guerra
|
0-0: Ball 1-0: Called Strike 1-1: Called Strike 1-2: Ball 2-2: Ball 3-2: Foul Ball, location: 2F 3-2: Ground out U3 (Groundball, 3S) Pedro Cruz to second
|
Batting: RHB Francisco Castillo
|
0-0: Called Strike 0-1: Fly out, F7 (Flyball, 78M)
|
Batting: RHB Miguel Moreno
|
0-0: Swinging Strike 0-1: Called Strike 0-2: Ball 1-2: Strikes out swinging
|
Bottom of the 6th over - 0 run(s), 0 hit(s), 0 error(s), 1 left on base; Riverside 1 - San Diego 2 |
TOP OF THE 7TH |
Riverside Red Bulls batting - Pitching for San Diego Smashers : RHP Rafael Blanco
|
Batting: RHB Júlio García
|
0-0: Called Strike 0-1: Swinging Strike 0-2: Foul Ball, location: 2F 0-2: SINGLE (Line Drive, 56)
|
Batting: RHB Kyle Bacon
|
0-0: Called Strike 0-1: Foul Ball, location: 2F 0-2: Ball 1-2: Foul Ball, location: 2F 1-2: Ball 2-2: SINGLE (Groundball, 56D) Júlio García to second
|
Pinch Runner at 2nd Andy Aiton:
|
|
Batting: RHB Soshu Nakamura
|
0-0: Ball 1-0: Ball 2-0: Foul Ball, location: 2F 2-1: Ground out 6-3 (Groundball, 6S) Andy Aiton to third Kyle Bacon to second
|
Batting: SHB Chun-yeong Kim
|
0-0: Swinging Strike 0-1: Ball 1-1: Ball 2-1: Ball 3-1: Foul Ball, location: 2F 3-2: Strikes out swinging
|
Pitching: RHP Pepe Guillén
|
|
Batting: RHB Joe Scott
|
0-0: Called Strike 0-1: Swinging Strike 0-2: Ground out 6-3 (Groundball, 6M)
|
Top of the 7th over - 0 run(s), 2 hit(s), 0 error(s), 2 left on base; Riverside 1 - San Diego 2 |
BOTTOM OF THE 7TH |
San Diego Smashers batting - Pitching for Riverside Red Bulls : RHP Roberto Costello
|
Batting: RHB Justin Burgess
|
0-0: Ball 1-0: Called Strike 1-1: Foul Ball, location: 2F 1-2: SINGLE (Line Drive, 89S)
|
Pinch Hitting: SHB Yoshitoki Kouda
|
0-0: Bunt missed! 0-1: Ball 1-1: Ball 2-1: Ball 3-1: Bunt missed! 3-2: Fly out, F8 (Flyball, 8RM)
|
Batting: RHB Cisco Gatán
|
0-0: Ball 1-0: Ball 2-0: SINGLE (Line Drive, 7S) Justin Burgess to second
|
Batting: LHB António Glaviz
|
0-0: Ball 1-0: Foul Ball, location: 2F 1-1: Ball 2-1: Swinging Strike 2-2: Ball 3-2: 3-RUN HOME RUN (Flyball, 9LD), Distance : 353 ft
|
Pitching: RHP Bill Elliott
|
|
Batting: LHB Jeffrey Bascombe
|
0-0: SOLO HOME RUN (Line Drive, 7LD), Distance : 337 ft
|
Batting: LHB Pedro Cruz
|
0-0: Called Strike 0-1: Ball 1-1: Foul Ball, location: 2F 1-2: Ball 2-2: Ground out 4-3 (Groundball, 4M)
|
Batting: LHB Raúl Guerra
|
0-0: Swinging Strike 0-1: Ball 1-1: Foul Ball, location: 2F 1-2: SINGLE (Line Drive, 56)
|
Batting: RHB Francisco Castillo
|
0-0: Called Strike 0-1: Swinging Strike 0-2: Ball 1-2: Strikes out looking
|
Bottom of the 7th over - 4 run(s), 5 hit(s), 0 error(s), 1 left on base; Riverside 1 - San Diego 6 |
TOP OF THE 8TH |
Riverside Red Bulls batting - Pitching for San Diego Smashers : RHP Pepe Guillén
|
Now at 1B: Alfredo Fernández
|
|
Now in RF: Yoshitoki Kouda
|
|
Batting: RHB José Zúñiga
|
0-0: Called Strike 0-1: Ground out 6-3 (Groundball, 6)
|
Batting: LHB Jorge Meléndez
|
0-0: SINGLE (Line Drive, 8RS)
|
Batting: SHB Sloan James
|
0-0: Foul Ball, location: 2F 0-1: Foul Ball, location: 2F 0-2: Strikes out swinging
|
Batting: RHB Chris Osborn
|
0-0: Ball 1-0: Called Strike 1-1: Fielders Choice at 2nd, 6-4 (Groundball, 6MS)
|
Top of the 8th over - 0 run(s), 1 hit(s), 0 error(s), 0 left on base; Riverside 1 - San Diego 6 |
BOTTOM OF THE 8TH |
San Diego Smashers batting - Pitching for Riverside Red Bulls : RHP Bill Elliott
|
Batting: RHB Miguel Moreno
|
0-0: Foul Ball, location: 2F 0-1: Ball 1-1: Ball 2-1: Called Strike 2-2: Foul Ball, location: 2F 2-2: Strikes out looking
|
Batting: RHB Justin Burgess
|
0-0: Called Strike 0-1: Called Strike 0-2: Ball 1-2: Ball 2-2: Foul Ball, location: 2F 2-2: Ball 3-2: Base on Balls
|
Batting: SHB Yoshitoki Kouda
|
0-0: Foul Ball, location: 2F 0-1: Foul Ball, location: 2F 0-2: Ball 1-2: Ball Justin Burgess steals 2nd base 2-2: Ball 3-2: Ground out 4-3 (Groundball, 13) Justin Burgess to third
|
Batting: RHB Cisco Gatán
|
0-0: Called Strike 0-1: Swinging Strike 0-2: Strikes out swinging
|
Bottom of the 8th over - 0 run(s), 0 hit(s), 0 error(s), 1 left on base; Riverside 1 - San Diego 6 |
TOP OF THE 9TH |
Riverside Red Bulls batting - Pitching for San Diego Smashers : RHP Pepe Guillén
|
Now at 2B: José González
|
|
Batting: RHB Andy Aiton
|
0-0: Called Strike 0-1: Fly out, F8 (Flyball, 89D)
|
Batting: RHB Kyle Bacon
|
0-0: Ground out 4-3 (Groundball, 34)
|
Batting: RHB Soshu Nakamura
|
0-0: Foul Ball, location: 2F 0-1: Swinging Strike 0-2: Strikes out swinging
|
Top of the 9th over - 0 run(s), 0 hit(s), 0 error(s), 0 left on base; Riverside 1 - San Diego 6 |
|